 Dungeon Crawl Stone Soup version 0.30-b1-2-g02819fbbbe (webtiles) character file.

Game seed: 4028255907263593026

945 Metae the Covered (level 7, -6/64 HPs)
             Began as a Minotaur Fighter on June 19, 2023.
             Mangled by an ogre
             ... wielding a +0 giant club
              (17 damage)
             ... on level 5 of the Dungeon.
             The game lasted 00:09:36 (3339 turns).

Metae the Covered (Minotaur Fighter)                Turns: 3339, Time: 00:09:36

Health: -6/64      AC: 11    Str: 22    XL:     7   Next: 89%
Magic:  6/6        EV:  8    Int:  5    God:
Gold:   314        SH:  5    Dex: 10    Spells: 6/6 levels left

rFire   . . .        a - +0 war axe
rCold   . . .        c - +0 buckler
rNeg    . . .        s - +0 chain mail
rPois   .            (helmet restricted)
rElec   .            (no cloak)
rCorr   +            z - +0 pair of gloves
SInv    .            (no boots)
Will    .....        (no amulet)
Stlth   x              - +4 ring of slaying
HPRegen 0.30/turn    B - ring of resist corrosion
MPRegen 0.10/turn

%: no passive effects
@: no status effects
A: horns 2, retaliatory headbutt
a: no special abilities


You were on level 5 of the Dungeon.
You visited 2 branches of the dungeon, and saw 6 of its levels.

You collected 314 gold pieces.

Inventory:

Hand Weapons
 a - a +0 war axe (weapon)
 p - a +0 sling
 D - the +5 woodcutter's axe
   (You found it on level 5 of the Dungeon)
Missiles
 e - 77 stones (quivered)
 C - 2 throwing nets
Armour
 c - a +0 buckler (worn)
 s - a +0 chain mail (worn)
 z - a +0 pair of gloves (worn)
Jewellery
 k - a +6 ring of intelligence
 r - a +4 ring of protection
 x - a +4 ring of slaying (left hand)
 B - a ring of resist corrosion (right hand)
Scrolls
 g - 2 scrolls of teleportation {unknown}
 i - 4 scrolls of fog {unknown}
 j - a scroll of enchant armour {unknown}
 l - a scroll of noise {unknown}
 o - 2 scrolls of summoning {unknown}
 q - a scroll of blinking {unknown}
 t - a scroll of immolation {unknown}
 u - 4 scrolls of fear {unknown}
 w - a scroll of identify {unknown}
 y - a scroll of magic mapping {unknown}
 A - a scroll of enchant weapon {unknown}
Potions
 b - a potion of flight {unknown}
 d - 2 potions of might
 f - 7 potions of curing {unknown}
 h - a potion of mutation {unknown}
 m - a potion of invisibility {unknown}
 n - a potion of attraction {unknown}
 v - a potion of heal wounds {unknown}


   Skills:
 + Level 6.5 Fighting
 + Level 5.9 Axes
 + Level 6.5 Armour
 + Level 6.5 Shields


You had 6 spell levels left.
You didn't know any spells.
Your spell library contained the following spells:

 Spells                   Type           Power      Damage    Failure   Level
 Necrotise                Necr           0%         1d4       98%         1
 Vampiric Draining        Necr           0%         2d6       100%        3
 Agony                    Necr           0%         N/A       100%        5
 Borgnjor's Revivificati  Necr           0%         N/A       100%        8
 Necromutation            Tmut/Necr      0%         N/A       100%        8
 Death's Door             Necr           0%         N/A       100%        9


Dungeon Overview and Level Annotations

Branches:
Dungeon (5/15)             Temple (1/1) D:4

Altars:
Ashenzari
Cheibriados
Dithmenos
Elyvilon
Hepliaklqana
Qazlal
Sif Muna
Trog
Uskayaw
Vehumet
Wu Jian
Xom
Yredelemnul

Shops:
D:2 =


Innate Abilities, Weirdness & Mutations

You have a pair of horns on your head.
You reflexively headbutt those who attack you in melee.


Message History

The kobold demonologist hits you but does no damage.
The acid dragon spits acid at you. The splash of acid hits you. You resist.
The kobold demonologist casts a spell.
The kobold brigand throws a poisoned dart.
The poisoned dart hits you!
You are poisoned.
You hear a shout!
You hear an angry hiss.
The ogre attacks as you move away! The ogre hits you with a +0 giant club!
You feel sick.
You feel sick. You block the ogre's attack.
A kobold comes into view. It is wielding a +0 club.
The kobold demonologist casts a spell.
The kobold demonologist gestures wildly while chanting.
The orange demon stings you but does no damage.
You barely miss the kobold demonologist.
Your headbutt misses the kobold demonologist.
You slash the ufetubus!
You kill the ufetubus!
The ufetubus disappears in a puff of smoke!
You hit the ogre.
You feel sick.
The kobold demonologist hits you with a +0 dagger.
You block the ogre's attack. You block the orange demon's attack.
You feel sick.
The kobold demonologist casts a cantrip, but nothing happens.
You feel sick.
You feel sick.
You feel sick.
You are no longer poisoned.
The kobold demonologist casts a spell.
The kobold demonologist looks encouraged for a moment.
The hellwing swoops through the air toward you!
The hellwing hits you. x2
* * * LOW HITPOINT WARNING * * *
You closely miss the hellwing. Your headbutt misses the hellwing.
The hellwing hits you.
* * * LOW HITPOINT WARNING * * *
The hellwing hits you but does no damage.
The ogre hits you with a +0 giant club!
You die...

..........#.## ###########...
#....## #### ###.##.#
..######... #)#
####.##.....####<## #
#....##...........#
..##########..>..............#
.....5K.4K..O@4..>.....<.....#
....4.5.####...#.............#
.....KKD5.D5...#..........####
......K.K5#....#..........#
##......K.#....#..........#
#.....$..#.####..........#
#........#.# ####...#####
#........#.# #...#
#........#.#


You could see an orange demon (summoned), a hellwing (summoned), 2 kobold
demonologists, an acid dragon, a kobold brigand, an ogre, a crimson imp
(summoned), a white imp (summoned), an ufetubus (summoned) and a kobold.

Vanquished Creatures
  A black bear (D:5)
  An ogre (D:5)
  2 phantoms
  A gnoll sergeant (D:5)
  A scorpion (D:5)
  A howler monkey (D:5)
  A gnoll bouda (D:5)
  2 hounds
  2 sleepcaps
  2 orc wizards (D:4)
  11 gnolls (D:5)
  8 adders
  3 worms (D:2)
  4 dart slugs
  7 orcs
  4 bats (D:1)
  10 endoplasms
  4 giant cockroaches
  6 goblins
  3 hobgoblins
  5 quokkas
  6 ball pythons
  5 frilled lizards
  3 kobolds
  6 rats
99 creatures vanquished.

Vanquished Creatures (others)
  3 fungi (D:2)
3 creatures vanquished.

Grand Total: 102 creatures vanquished

Notes
Turn   | Place    | Note
-------+----------+-------------------------------------------
     0 | D:1      | Metae the Minotaur Fighter began the quest for the Orb.
     0 | D:1      | Reached XP level 1. HP: 19/19 MP: 0/0
   181 | D:1      | Reached XP level 2. HP: 27/27 MP: 1/1
   789 | D:2      | Reached XP level 3. HP: 32/33 MP: 2/2
   942 | D:2      | Found Balinet's Jewellery Shoppe.
  1106 | D:2      | Found a faded altar of an unknown god.
  1216 | D:3      | Reached XP level 4. HP: 41/41 MP: 3/3
  1240 | D:3      | Found a basalt altar of Yredelemnul.
  1371 | D:3      | Found a shimmering blue altar of Sif Muna.
  2108 | D:4      | Found a hazy altar of Hepliaklqana.
  2206 | D:4      | Found an ornate altar of the Wu Jian Council.
  2234 | D:4      | Noticed a phantom
  2243 | D:4      | Reached XP level 5. HP: 45/47 MP: 4/4
  2248 | D:4      | Killed a phantom
  2249 | D:4      | Reached skill level 5 in Fighting
  2249 | D:4      | Reached skill level 5 in Armour
  2249 | D:4      | Reached skill level 5 in Shields
  2331 | D:4      | Found a staircase to the Ecumenical Temple.
  2344 | Temple   | Entered the Ecumenical Temple
  2480 | D:4      | Reached XP level 6. HP: 50/56 MP: 5/5
  2944 | D:4      | You fall into a shaft and drop 1 floor!
  2944 | D:5      | Entered Level 5 of the Dungeon
  3031 | D:5      | Reached skill level 5 in Axes
  3031 | D:5      | Reached XP level 7. HP: 48/62 MP: 6/6
  3092 | D:5      | Found the +5 woodcutter's axe
  3322 | D:5      | Noticed a kobold demonologist
  3323 | D:5      | Noticed a kobold demonologist
  3326 | D:5      | Noticed a kobold demonologist
  3326 | D:5      | Noticed a kobold demonologist
  3329 | D:5      | Noticed a hellwing
  3329 | D:5      | Noticed an orange demon
  3329 | D:5      | Noticed a rust devil
  3329 | D:5      | Noticed a sun demon
  3338 | D:5      | Noticed a hellwing
  3339 | D:5      | Mangled by an ogre

Illustrated notes

Levels and vault maps discovered:
D:1:      elethiomel_arrival_maze, layout_basic
D:2:      layout_rooms, ebering_ecumenical_altar_hall, serial_shops,
          nicolae_shop_crystal, dreamdust_mushroom_princess
D:3:      layout_rooms, lemuel_doored_altar, overflow_temple_1_default,
          serial_rivers, chequers_serial_rivers_large_b,
          chequers_serial_rivers_large_a, chequers_serial_rivers_small_a,
          chequers_serial_rivers_room_a, chequers_serial_rivers_small_b
D:4:      layout_gridville, nzn_wu_jian_contemplation,
          nzn_hepliaklqana_mist_gate, minmay_temple_entry_trees, st_stairs_5,
          hangedman_abyss_or_decor_passed, uniq_ijyb
D:5:      minmay_recursive_quarters, layout_basic, portal_sewer_entry_b,
          pf_guarded_unrand_woodcutter
Temple:   dpeg_three_leaves_temple

Skill      XL: |  1  2  3  4  5  6  7 |
---------------+----------------------+-----
Fighting       | 4 5 6 |  6.5
Armour         | 4 5 6 |  6.5
Shields        | 4 5 6 |  6.5
Axes           | 3 4 5 |  5.9

Action                     |  1- 3 |  4- 6 |  7- 9 || total
---------------------------+-------+-------+-------++-------
  Melee: War axe           |    96 |    79 |    27 ||   202
         Headbutt          |    15 |     8 |    11 ||    34
 Armour: Scale mail        |    59 |       |       ||    59
         Chain mail        |       |    71 |    29 ||   100
  Dodge: Dodged            |    58 |    35 |    18 ||   111
  Block: Buckler           |    25 |    20 |    10 ||    55
